 Dungeon Crawl Stone Soup version 0.28.0-43-g3370ac3207 (webtiles) character file.

Game seed: 10909335913573292889

95 protoss039 the Magician (level 4, -2/24 HPs)
             Began as a Deep Elf Earth Elementalist on Mar 14, 2022.
             Shot with a stone by a goblin (4 damage)
             ... led by Robin
             ... on level 3 of the Dungeon.
             The game lasted 00:08:07 (3304 turns).

protoss039 the Magician (DEEE)                      Turns: 3304, Time: 00:08:08

Health: -2/24      AC:  4    Str:  5    XL:     4   Next: 39%
Magic:  1/12       EV: 13    Int: 22    God:
Gold:   137        SH:  0    Dex: 15    Spells: 6/12 levels left

rFire   . . .      SeeInvis .   i - +0 short sword
rCold   . . .      Faith    .   (no shield)
rNeg    . . .      Spirit   .   b - +0 robe
rPois   .          Reflect  .   (no helmet)
rElec   .          Harm     .   (no cloak)
rCorr   .          Rampage  .   (no gloves)
Will    +....                   h - +1 pair of boots
Stlth   ++........              (no amulet)
HPRegen 0.08/turn               a - ring of willpower
MPRegen 0.13/turn               (no ring)

@: no status effects
A: no striking features
a: no special abilities


You were on level 3 of the Dungeon.
You visited 1 branch of the dungeon, and saw 3 of its levels.

You collected 137 gold pieces.

Inventory:

Hand Weapons
 i - a +0 short sword (weapon)
Missiles
 c - 37 stones
Armour
 b - a +0 robe (worn)
 h - a +1 pair of boots (worn)
Jewellery
 a - a ring of willpower (left hand)
Scrolls
 e - 2 scrolls of fog {unknown}
 f - a scroll of acquirement {unknown}
 j - 2 scrolls of identify
 k - a scroll of magic mapping {unknown}
Potions
 l - a potion of ambrosia {unknown}
 m - a potion of heal wounds {unknown}


   Skills:
 - Level 3.0 Dodging
 - Level 3.0 Stealth
 + Level 4.5 Spellcasting
 + Level 1.1 Transmutations
 + Level 4.5 Earth Magic


You had 6 spell levels left.
You knew the following spells:

 Your Spells              Type           Power      Damage    Failure   Level
a - Sandblast             Erth           48%        2d12      1%          1
b - Passwall              Tmut/Erth      14%        N/A       4%          2
c - Stone Arrow           Conj/Erth      30%        3d8       13%         3

Your spell library contained the following spells:

 Spells                   Type           Power      Damage    Failure   Level
 Petrify                  Tmut/Erth      17%        N/A       32%         4
 Borgnjor's Vile Clutch   Necr/Erth      7%         N/A       75%         5
 Alistair's Intoxication  Tmut/Pois      4%         N/A       93%         5
 Eringya's Noxious Bog    Tmut/Pois      3%         N/A       100%        6


Dungeon Overview and Level Annotations

Branches:
Dungeon (3/15)

Altars:


Message History

Nothing appears to happen.
The goblin shoots a stone.
The stone closely misses you.
The goblin shoots a sling bullet.
The sling bullet hits you.
Unknown command.
Unknown command.
The goblin shoots a stone.
The stone hits you.
* * * LOW HITPOINT WARNING * * *
The goblin shoots a sling bullet.
The sling bullet closely misses you.
Casting: Stone Arrow (quite dangerous; 13% risk of failure)
Confirm with . or Enter, or press ? or * to list all spells.
Aiming: Sandblast (safe; 1% risk of failure)
Press: ? - help, Shift-Dir - straight line, f/p - goblin
Aim: a goblin, wielding a +0 hunting sling, wearing a +0 scale mail and quivering sling bullets (78% to hit)
The blast of sand hits the goblin!
You kill the goblin!
The hobgoblin hits you.
* * * LOW HITPOINT WARNING * * *
The goblin shoots a stone.
The stone closely misses you.
The stone hits the hobgoblin.
The hobgoblin hits you.
* * * LOW HITPOINT WARNING * * *
Unknown command.
Unknown command.
Casting: Sandblast (safe; 1% risk of failure)
Confirm with . or Enter, or press ? or * to list all spells.
Aiming: Sandblast (safe; 1% risk of failure)
Press: ? - help, Shift-Dir - straight line, f - goblin
Aim: a goblin, wielding a +0 hunting sling, wearing a ring of magical power and quivering stones (76% to hit)
The blast of sand misses the goblin.
The hobgoblin closely misses you.
The goblin shoots a stone.
The stone closely misses you.
The stone barely misses the hobgoblin.
The hobgoblin misses you.
Unknown command.
Unknown command.
The goblin shoots a stone.
The stone closely misses you.
The goblin shoots a stone.
The stone closely misses you.
The goblin shoots a stone.
The stone barely misses you.
Okay, then.
Your magical contamination has completely faded away.
The goblin shoots a stone.
The stone misses you.
The goblin shoots a stone.
The stone hits you.
You die...

. #.......#####....#.## ##
..#........>..#.......### #.
........................####.
......>........g......#......
.##.........).........####..#
#####...............# #..#
..######.......g...†...####...
..........^..................#
.............@g..............#
........#.................##..
.....................####.....
............).......... ......
........##..#####.#####.##....
........##.## #... .. #....
........##.# #..#### #...
..........# # #...
.....#...### ######.#


You could see 2 hobgoblins and a goblin.

Vanquished Creatures
  Robin (D:3)
  An adder (D:2)
  2 dart slugs
  An orc (D:3)
  3 ball pythons
  4 endoplasms
  4 giant cockroaches (D:1)
  13 goblins
  7 hobgoblins
  6 quokkas
  6 bats
  5 frilled lizards
  6 kobolds
  6 rats
65 creatures vanquished.

Vanquished Creatures (others)
  An endoplasm (D:2)
1 creature vanquished.

Grand Total: 66 creatures vanquished

Notes
Turn   | Place    | Note
-------+----------+-------------------------------------------
     0 | D:1      | protoss039 the Deep Elf Earth Elementalist began the quest
                  | for the Orb.
     0 | D:1      | Reached XP level 1. HP: 10/10 MP: 6/6
   802 | D:1      | Reached XP level 2. HP: 12/15 MP: 6/8
   805 | D:1      | Learned a level 2 spell: Passwall
   985 | D:1      | Found a faded altar of an unknown god.
  1637 | D:2      | Reached XP level 3. HP: 19/19 MP: 10/10
  1641 | D:2      | Learned a level 3 spell: Stone Arrow
  2732 | D:3      | Noticed Robin
  2750 | D:3      | Reached XP level 4. HP: 16/24 MP: 1/12
  3279 | D:3      | Killed Robin
  3297 | D:3      | HP: 1/24 [hobgoblin[Robin] (2)]
  3304 | D:3      | Shot with a stone by a goblin

Illustrated notes

Levels and vault maps discovered:
D:1:      psy_arrival_radial01, layout_rooms, basic_ecumenical_altar
D:2:      layout_loops_ring, lemuel_old_faithful
D:3:      layout_rooms, kennysheep_generic_room_5, uniq_robin

Skill      XL: |  1  2  3 |
---------------+----------+-----
Stealth        | 3 |  3.0
Dodging        | 3 |  3.0
Spellcasting   | 4 |  4.5
Earth Magic    | 4 |  4.5
Transmutations | |  1.1

Action                   |  1- 3 |  4- 6 || total
-------------------------+-------+-------++-------
Melee: Unarmed           |    37 |       ||    37
       Short sword       |    83 |    11 ||    94
       Dagger            |     9 |       ||     9
       Punch             |     3 |       ||     3
 Cast: Sandblast         |    33 |    12 ||    45
       Stone Arrow       |     3 |     5 ||     8
  Use: Scroll            |     3 |       ||     3
       Potion            |       |     1 ||     1
 Stab: Sleeping          |     9 |       ||     9
Armor: Robe              |    38 |     3 ||    41
Dodge: Dodged            |    97 |    25 ||   122
